 Dungeon Crawl Stone Soup version 0.26-a0-854-gdc81c2f471 (webtiles) character file.

Game seed: 4365870088167330641

9419 iamoutofideas the Grappler (level 11, -16/109 HPs)
             Began as a Troll Hunter on Nov 23, 2020.
             Was an Elder of Okawaru.
             Demolished by a phantasmal warrior (30 damage)
             ... led by a death knight
             ... on level 11 of the Dungeon.
             The game lasted 00:14:27 (9985 turns).

iamoutofideas the Grappler (Troll Hunter)           Turns: 9985, Time: 00:14:28

Health: -16/109    AC:  6    Str: 25    XL:     11   Next: 22%
Magic:  10/10      EV: 16    Int:  7    God:    Okawaru [****..]
Gold:   779        SH:  0    Dex: 16    Spells: 10/10 levels left

rFire    + . .     SeeInvis .     - Unarmed
rCold    + . .     Faith    .   (no shield)
rNeg     . . .     Spirit   .   b - +0 robe
rPois    .         Reflect  .   (helmet restricted)
rElec    .         Harm     .   p - scarf {rC+ rF+}
rCorr    +         Rampage  .   (gloves unavailable)
MR       .....                  (boots unavailable)
Stlth    ++........             (no amulet)
HPRegen  0.68/turn              w - +6 ring of dexterity
MPRegen  0.12/turn              B - ring of resist corrosion

@: no status effects
A: large, unfitting armour, claws 3, regeneration 1, shaggy fur 1, tough skin 3
a: Heroism, Renounce Religion


You were on level 11 of the Dungeon.
You worshipped Okawaru.
Okawaru was greatly pleased with you.
You visited 2 branches of the dungeon, and saw 12 of its levels.
You also visited: Sewer.

You collected 779 gold pieces.

Inventory:

Missiles
 c - 5 large rocks
 d - 5 throwing nets
 t - 44 poisoned darts
 G - 4 boomerangs of dispersal (quivered)
 M - 8 javelins
Armour
 b - a +0 robe (worn)
 p - a scarf of resistance (worn)
 O - a scarf of harm
 S - a +0 kite shield of fire resistance
Jewellery
 w - a +6 ring of dexterity (left claw)
 B - a ring of resist corrosion (right claw)
 Q - a +6 ring of dexterity
Wands
 g - a wand of flame (22)
 D - a wand of acid (22)
 I - a wand of polymorph (9)
 L - a wand of iceblast (3)
 R - a wand of random effects (14)
Scrolls
 h - 9 scrolls of teleportation {unknown}
 i - 3 scrolls of fear {unknown}
 j - 2 scrolls of immolation {unknown}
 k - 9 scrolls of remove curse
 l - 4 scrolls of fog {unknown}
 m - 3 scrolls of random uselessness {unknown}
 q - a scroll of vulnerability {unknown}
 u - 2 scrolls of magic mapping
 x - a scroll of amnesia {unknown}
 y - 4 scrolls of enchant weapon {unknown}
 A - 3 scrolls of blinking {unknown}
 H - a scroll of noise {unknown}
 P - a scroll of enchant armour {unknown}
Potions
 e - 4 potions of cancellation
 f - a potion of resistance
 n - 3 potions of invisibility
 o - 2 potions of attraction {unknown}
 r - a potion of magic {unknown}
 s - 3 potions of flight
 v - a potion of haste {unknown}
 z - a potion of brilliance {unknown}
 C - a potion of berserk rage {unknown}
 E - a potion of experience {unknown}
 F - a potion of might
 J - 2 potions of degeneration {unknown}
 K - a potion of mutation {unknown}
 N - 2 potions of ambrosia


   Skills:
 - Level 7.5 Fighting
 - Level 3.6 Throwing
 - Level 9.7 Dodging
 - Level 0.3 Stealth
 + Level 2.1 Shields
 - Level 10.0 Unarmed Combat


You had 10 spell levels left.
You didn't know any spells.
Your spell library contained the following spells:

 Spells                   Type           Power        Failure   Level
 Animate Skeleton         Necr           #.....       43%         1
 Apportation              Tloc           #.....       43%         1
 Corona                   Hex            #......      43%         1
 Magic Dart               Conj           #...         43%         1
 Summon Small Mammal      Summ           #...         43%         1
 Blink                    Tloc           N/A          56%         2
 Call Imp                 Summ           #.......     56%         2
 Ensorcelled Hibernation  Hex/Ice        #.....       56%         2
 Slow                     Hex            #.......     56%         2
 Confusing Touch          Hex            #.......     80%         3
 Conjure Flame            Conj/Fire      #.......     80%         3
 Dazzling Flash           Conj/Hex       #.....       80%         3
 Gell's Gravitas          Tloc           #.........   80%         3
 Mephitic Cloud           Conj/Pois/Air  #.......     80%         3
 Tukima's Dance           Hex            #.......     80%         3
 Petrify                  Tmut/Erth      #.......     99%         4
 Metabolic Englaciation   Hex/Ice        #.........   100%        5
 Yara's Violent Unravell  Hex/Tmut       #.........   100%        5


Dungeon Overview and Level Annotations

Branches:
Dungeon (11/15)            Temple (1/1) D:7            Lair (0/6) D:8
  Sewer (visited)
    Orc: D:9-12

Altars:
Ashenzari
Cheibriados
Dithmenos
Elyvilon
Fedhas
Gozag
Hepliaklqana
Kikubaaqudgha
Makhleb
Nemelex Xobeh
Okawaru
Qazlal
Ru
Sif Muna
Trog
Uskayaw
Vehumet
Wu Jian
Xom
Yredelemnul
Zin
The Shining One

Annotations:
D:5 3 runed translucent doors, delverdan's ghost, weakling NaDe
D:6 1 runed translucent door, marklar909's ghost, novice TrMo


Innate Abilities, Weirdness & Mutations

You are too large for most types of armour.
You have claws for hands.
Your natural rate of healing is unusually fast.
You are covered in fur. (AC +1)
You have extremely tough skin. (AC +3)


Message History

The phantasmal warrior hits you.
* * * LOW HITPOINT WARNING * * *
You feel better.
You feel like a meek peon again.
The death knight calls down the wrath of Yredelemnul upon you.
Your body is wracked with pain!
* * * LOW HITPOINT WARNING * * *
The bullfrog releases a deep croak.
The phantasmal warrior completely misses you.
Okay, then.
Okay, then.
Evoke which item? (* to show all) (? for menu, Esc to quit)
Okay, then.
Evoke which item? (* to show all) (? for menu, Esc to quit)
Press: ? - help, Shift-Dir - straight line, f - phantasmal warrior, p - two-headed ogre
Aim: a phantasmal warrior (not susceptible)
Okay, then.
Unknown command.
The phantasmal warrior hits you!!
You die...

#.###.##..#..##.##
#.##.##..###).##.#.
#.#.##..##:##..##..
#.O##..##..)##..##.
##.##..##...##..##..
#)##..##..#8#..##..#
##...##..##...##..##
##.##F.##...##..##W
#@W##W.##)##..##p.
#p#W##..###..##...
#W##.##..#^.##W...
#...ยง.##...##.....
####...##.##W..#..
#....###.#####+
#.#...#.## #.
#.####.#######. #.#
##.>....


You could see a death knight, a two-headed ogre (wandering), a phantasmal
warrior, 2 freezing wraiths, a wraith and a bullfrog.

Vanquished Creatures
  Erolcha (D:9)
  A two-headed ogre (D:11)
  An unseen horror (D:10)
  A manticore (D:9)
  A kobold demonologist (D:10)
  Prince Ribbit (D:5)
  Sigmund (D:5)
  A wyvern (D:8)
  2 wargs (D:8)
  A soldier ant (D:10)
  3 black bears
  6 orc warriors
  2 phantoms
  4 sky beasts
  7 ogres
  A centaur (D:9)
  13 big kobolds
  4 bullfrogs
  5 scorpions
  5 wights (D:9)
  8 killer bees
  5 howler monkeys
  A centaur zombie (D:9)
  2 quasits
  A bullfrog skeleton (D:7)
  3 jellies
  8 orc priests
  3 centaur skeletons
  A gnoll shaman (D:9)
  9 hounds
  12 orc wizards
  3 iguanas
  4 worker ants
  A human simulacrum (D:10)
  A howler monkey zombie (D:8)
  4 worker ant zombies
  18 gnolls
  2 river rats
  12 adders
  A white imp (D:9)
  2 ufetubi
  7 oozes
  An adder zombie (D:5)
  4 adder skeletons
  7 worms
  A dart slug (D:1)
  9 leopard geckos
  35 orcs
  7 bats
  9 giant cockroaches
  7 hobgoblins
  17 jackals
  7 quokkas
  3 ball pythons (Sewer)
  5 frilled lizards
  10 goblins
  14 kobolds
  19 rats
324 creatures vanquished.

Vanquished Creatures (others)
  An iguana (D:10)
  A human simulacrum (D:10)
2 creatures vanquished.

Grand Total: 326 creatures vanquished

Notes
Turn   | Place    | Note
-------+----------+-------------------------------------------
     0 | D:1      | iamoutofideas the Troll Hunter began the quest for the Orb.
     0 | D:1      | Reached XP level 1. HP: 19/19 MP: 0/0
    49 | D:1      | Reached skill level 1 in Unarmed Combat
    61 | D:1      | Reached XP level 2. HP: 27/27 MP: 1/1
   138 | D:1      | Reached skill level 2 in Unarmed Combat
   402 | D:1      | Reached XP level 3. HP: 33/33 MP: 2/2
   819 | D:2      | Reached skill level 3 in Unarmed Combat
  1374 | D:2      | Reached XP level 4. HP: 30/41 MP: 3/3
  1399 | D:3      | Reached skill level 4 in Unarmed Combat
  1508 | D:3      | Found a glowing drain.
  1514 | Sewer    | Entered a sewer
  1601 | Sewer    | Reached XP level 5. HP: 48/48 MP: 4/4
  1663 | Sewer    | Reached skill level 5 in Unarmed Combat
  1824 | Sewer    | Reached skill level 6 in Unarmed Combat
  1824 | Sewer    | Reached XP level 6. HP: 51/55 MP: 5/5
  2230 | D:3      | Reached skill level 7 in Unarmed Combat
  2283 | D:3      | Found an ornate altar of the Wu Jian Council.
  2591 | D:3      | Reached XP level 7. HP: 62/62 MP: 6/6
  3049 | D:4      | Reached skill level 8 in Unarmed Combat
  3227 | D:5      | Entered Level 5 of the Dungeon
  3305 | D:5      | Noticed Prince Ribbit
  3309 | D:5      | Killed Prince Ribbit
  3310 | D:5      | Reached skill level 9 in Unarmed Combat
  3310 | D:5      | Reached XP level 8. HP: 60/70 MP: 7/7
  3377 | D:5      | Noticed Sigmund
  3404 | D:5      | Reached skill level 10 in Unarmed Combat
  3408 | D:5      | Killed Sigmund
  3603 | D:5      | Found a runed translucent gate.
  3603 | D:5      | Found a runed translucent gate.
  3603 | D:5      | Found a runed translucent gate.
  3605 | D:5      | Noticed delverdan's ghost (weakling NaDe)
  3767 | D:5      | Found a broken altar of Ashenzari.
  3767 | D:5      | Found a hazy altar of Hepliaklqana.
  4241 | D:6      | Found a runed translucent door.
  4244 | D:6      | Noticed marklar909's ghost (novice TrMo)
  4333 | D:6      | Found a bloodstained altar of Trog.
  4339 | D:6      | Found a sparkling altar of Nemelex Xobeh.
  4766 | D:7      | Reached XP level 9. HP: 82/83 MP: 8/8
  4835 | D:7      | Found a staircase to the Ecumenical Temple.
  4883 | Temple   | Entered the Ecumenical Temple
  4889 | Temple   | Became a worshipper of Warmaster Okawaru
  4979 | D:7      | Found a stormy altar of Qazlal.
  5046 | D:7      | Found a shadowy altar of Dithmenos.
  5146 | D:7      | Found a glowing golden altar of the Shining One.
  5258 | D:7      | Found a shimmering altar of Xom.
  5478 | D:8      | Reached skill level 5 in Dodging
  5758 | D:8      | Reached * piety under Okawaru
  5868 | D:8      | Found a blossoming altar of Fedhas.
  6059 | D:8      | Found a staircase to the Lair.
  6146 | D:8      | Reached skill level 5 in Fighting
  6304 | D:8      | Found a glowing golden altar of the Shining One.
  6442 | D:8      | Reached ** piety under Okawaru
  6827 | D:9      | Reached XP level 10. HP: 88/96 MP: 9/9
  7530 | D:9      | Noticed a manticore
  7541 | D:9      | Killed a manticore
  7745 | D:9      | Reached *** piety under Okawaru
  8050 | D:9      | Noticed Erolcha
  8056 | D:9      | Killed Erolcha
  8097 | D:10     | Entered Level 10 of the Dungeon
  8279 | D:10     | Killed an unseen horror
  8577 | D:10     | Received a gift from Okawaru
  8582 | D:10     | Reached **** piety under Okawaru
  8592 | D:10     | Noticed a rust devil
  8599 | D:10     | Reached XP level 11. HP: 39/109 MP: 10/10
  9770 | D:11     | Noticed a two-headed ogre
  9778 | D:11     | Noticed a two-headed ogre
  9789 | D:11     | Noticed a phantasmal warrior
  9790 | D:11     | Noticed a death knight
  9846 | D:11     | Killed a two-headed ogre
  9981 | D:11     | HP: 2/109 [death knight/+3 battleaxe (35)]
  9985 | D:11     | Demolished by a phantasmal warrior

Illustrated notes

Levels and vault maps discovered:
D:1:      lemuel_arrival_room, layout_basic
D:2:      layout_basic
D:3:      layout_rooms, general_overflow_altar, lightli_sewer_entry_pipes
D:4:      layout_gridville, chequers_avenue, kennysheep_dice
D:5:      layout_rooms, gammafunk_temple_overflow_elements,
          gammafunk_ghost_split, chequers_mini_garden, uniq_prince_ribbit1,
          uniq_sigmund
D:6:      layout_basic, minitemple, hellmonk_ghost_happy_afterlife, hex_large
D:7:      layout_cave_pools, lemuel_doored_altar, minmay_temple_entry_junction,
          serial_park, serial_park_gazebo [serial_park_minivault_5x5_1],
          serial_park_square2, serial_park_square1
          [serial_park_minivault_5x5_4], basic_altar
D:8:      layout_basic, nicolae_overflow_crystal_walls, lemuel_round_altar,
          erik_lair_orcish_takeover, minmay_alternating_orb
D:9:      kennysheep_blocky_room, layout_grid_maze, uniq_erolcha
D:10:     layout_basic, special_room [special_room_kobold], serial_rivers,
          chequers_serial_rivers_room_a, chequers_serial_rivers_micro_e,
          chequers_serial_rivers_small_3, chequers_serial_rivers_micro_b,
          bh_circular_ruins
D:11:     layout_loops_corners, kennysheep_nub, minmay_diamond_spiral
Temple:   zaba_magenta_temple

Skill      XL: |  1  2  3  4  5  6  7  8  9 10 11 |
---------------+----------------------------------+-----
Unarmed Combat | 1 2 3 4 6 7 9 10 | 10.0
Fighting       | 3 5 7 |  7.5
Dodging        | 4 7 9 |  9.7
Shields        | 2 |  2.1
Throwing       | |  3.6
Stealth        | |  0.3

Action                   |  1- 3 |  4- 6 |  7- 9 | 10-12 || total
-------------------------+-------+-------+-------+-------++-------
Melee: Unarmed           |    89 |   177 |   329 |   288 ||   883
       Punch             |     1 |     1 |    11 |    17 ||    30
Throw: Large rock        |       |       |       |     5 ||     5
       Boomerang         |       |       |       |     3 ||     3
       Throwing net      |       |       |       |     1 ||     1
Invok: Heroism           |       |       |       |     3 ||     3
  Use: Scroll            |     1 |       |     8 |       ||     9
       Potion            |       |       |     1 |     8 ||     9
 Stab: Sleeping          |     3 |     2 |     1 |     4 ||    10
       Distracted        |       |       |     1 |       ||     1
Armor: Robe              |    35 |    65 |    95 |    72 ||   267
Dodge: Dodged            |    36 |   121 |   177 |   266 ||   600

Table legend: (Time is in decaauts)
 A = Elapsed time spent in this place.
 B = Non-inter-level travel time spent in this place.
 C = Inter-level travel time spent in this place.
 D = Time resting spent in this place.
 E = Time spent auto-exploring this place.
 F = Levels seen in this place.
 G = Mean time per level.
                   A        B        C        D        E       F      G
               +--------+--------+--------+--------+--------+-----+--------+
         Total |  10023 |   9562 |    461 |   1081 |   6277 |  13 |  771.0 |
       Dungeon |   9281 |   8840 |    441 |   1081 |   5777 |  11 |  843.7 |
        Temple |     80 |     61 |     19 |      0 |     55 |   1 |   80.0 |
         Sewer |    661 |    661 |      0 |      0 |    444 |   1 |  661.0 |
               +--------+--------+--------+--------+--------+-----+--------+

Top non-repeatable levels by time:
     D:8: 1387 daAuts
    D:10: 1299 daAuts
     D:9: 1214 daAuts
     D:5: 774 daAuts
     D:6: 723 daAuts
     D:1: 717 daAuts
     D:3: 717 daAuts
   Sewer: 661 daAuts
     D:2: 661 daAuts
     D:7: 611 daAuts
     D:4: 605 daAuts
    D:11: 569 daAuts
  Temple: 80 daAuts
